[Event "*** Titled Tuesday Blitz"]
[Site "Chess.com"]
[Date "2020.12.01"]
[Round "9"]
[White "rynos0411"]
[Black "shnitez"]
[Result "0-1"]
[WhiteElo "2393"]
[BlackElo "2590"]
[TimeControl "180+1"]
[EndTime "11:45:06 PST"]
[Termination "shnitez won by resignation"]

1. d4 Nf6 2. c4 e6 3. Nf3 b6 4.
g3 Bb7 5. Bg2 Be7 6. O-O O-O 7.
Nc3 Ne4 8. Qc2 Nxc3 9. Qxc3 Bf6 10. Bf4 d6 11. Qc2 g6 12. Rad1 Nd7 13. e4 Bg7 14. d5 e5 15. Bg5 f6 16. Bc1 a5 17. b3 Bc8 18. a3 Rf7 19. b4 Qf8 20. Ne1 f5 21. f4 exf4 22. Bxf4 axb4 23. axb4 Ne5 24. Nd3 Nxd3 25. Qxd3 fxe4 26. Bxe4 Bg4 27. Rde1 Re8 28. Bg2 Bf5 29. Qd2 Rfe7 30. Rxe7 Qxe7 31. Bf3 h5 32. Kf2 Qf6 33. Kg2 Qc3 34. Qxc3 Bxc3 35. c5 Bxb4 36.
cxd6 Bxd6 37. Bxd6 cxd6 38. Bxh5 Be4+ 39. Bf3 Bxf3+ 40.
Rxf3 b5 41. Rb3 Rb8 42. Kf3 Kf7 43. Ke3 Kf6 44. Kd4 b4 45. Kc4 Ke5 46. Re3+ Kf5 47. Kb3 Rb5 48. Re8 Rxd5 49. Kxb4 Rd2 50. h4 Rd3 51. Kc4 Rxg3 52. Rf8+ Kg4 53. Rf6 Kxh4 54. Rxd6 g5 55. Kd4 Rf3 56. Ke4 Rf1 57. Rh6+ Kg3 58. Ke3 Re1+ 59. Kd2 Re8 60. Rg6 g4 61. Rg7 Kf3 62.
Rg6 g3 63. Rg7 g2 64. Rg6 Kf2 65. Rf6+ Kg1 66. Rg6 Re5 67. Rg7 Kf2 68. Rf7+ Kg3 69. Rg7+ Kf3 70. Rf7+ Kg4 71. Rf8 g1=Q 72. Rg8+ Rg5 73.
Rxg5+ Kxg5 0-1

[Event "*** Titled Tuesday Blitz"]
[Site "Chess.com"]
[Date "2020.12.01"]
[Round "9"]
[White "Shuvalov"]
[Black "sopo-tereladze"]
[Result "1-0"]
[WhiteElo "2449"]
[BlackElo "2308"]
[TimeControl "180+1"]
[EndTime "11:45:09 PST"]
[Termination "Shuvalov won on time"]

1. Nf3 Nf6 2. c4 e6 3. g3 d5 4.
Bg2 Be7 5. O-O O-O 6. b3 dxc4 7.
bxc4 c5 8. d3 Nc6 9. Bb2 Rb8 10.
Nc3 b6 11. Rb1 Bb7 12. e3 Nb4 13. d4 cxd4 14. exd4 Qc7 15. a3 Nc6 16. d5 exd5 17. cxd5 Na5 18. Rc1 Qd8 19. Ne5 Bd6 20. Nc6 Bxc6 21.
dxc6 Nc4 22. Nb5 Nxb2 23. Qxd6 Qxd6 24. Nxd6 Ne8 25. Nxe8 Rbxe8 26. c7 Nd3 27. Rc3 Nc5 28. Rfc1 Rc8 29. Rxc5 bxc5 30. Rxc5 f6 31. Bd5+ Rf7 32. Rb5 Kf8 33. Bxf7 Kxf7 34. Rb7 a5 35. Ra7 Ke6 36. g4 Kd6 37. Kg2 Rxc7 38. Rxa5 Ke6 39. h4 Rc4 40. Kf3 Kf7 41. Ra7+ Kg6 42. a4 Rc3+ 43. Kf4 Rc4+ 44.
Kg3 Kh6 45. a5 Rc3+ 46. f3 Ra3 47. a6 Ra1 48. Kf4 Ra4+ 49. Kf5 Ra5+ 50. Ke6 Ra3 51. Kd6 Rxf3 52. Re7 Ra3 53. a7 g6 54. Ke6 Ra6+ 55.
Kf7 g5 56. h5 Ra5 57. Kxf6 Ra6+ 58. Kf7 Rxa7 59. Kf6 Ra6+ 60. Re6 Ra7 61. Kf5+ Kg7 62. h6+ Kf7 63. Rf6+ 1-0

[Event "*** Titled Tuesday Blitz"]
[Site "Chess.com"]
[Date "2020.12.01"]
[Round "9"]
[White "Matols"]
[Black "Dreamer_01"]
[Result "0-1"]
[WhiteElo "2221"]
[BlackElo "2361"]
[TimeControl "180+1"]
[EndTime "11:45:09 PST"]
[Termination "Dreamer_01 won on time"]

1. d4 d5 2. c4 c6 3. Nf3 Nf6 4. e3 a6 5. Nbd2 g6 6. Bd3 Bg7 7. O-O O-O 8. b3 Nbd7 9. Bb2 b5 10. cxd5 cxd5 11. Rc1 Bb7 12. Ne5 Nxe5 13. dxe5 Nd7 14.
f4 e6 15. Nf3 Qe7 16. Bd4 Rfc8 17. Qd2 Bf8 18. Ng5 Qb4 19. Qf2 h6 20. Nf3 Be7 21.
Qg3 Nf8 22. h4 h5 23. Ng5 Rxc1 24. Rxc1 Qd2 25. Rc7 Bxg5 26. Qxg5 Qxd3 27. Rxb7 Rc8 28. Qe7 Rc1+ 29. Kh2 Qf5 30. Bc5 Nh7 31. Rb8+ Kg7 32. Rb7 Rxc5 33. Qxc5 d4 34. Qxd4 Qg4 35. Qd2 Qxh4+ 36.
Kg1 g5 37. Qf2 Qg4 38. fxg5 Nxg5 39. Qf6+ Kh7 40. Qf2 Qe4 41. Rc7 Qxe5 42. Rc1 Kg7 43. Rf1 f6 44. Qf4 Qc3 45. Rf2 Kg6 46. Kh2 Nh7 47.
Qe4+ Kg7 48. Qxe6 Qd3 49. Qe7+ Kg6 50. Qe8+ Kg7 51. Qe7+ Kg6 52. e4 Qd4 53. Qe8+ Kg7 54. Qe7+ Kg6 55. Rf3 Ng5 56. Rg3 h4 57. Rg4 Kh5 58. Rxg5+ Kxg5 59. Qg7+ Kf4 60. Qh6+ Ke5 61. Qxh4 Qxe4 62. Qh5+ Kd4 0-1

[Event "*** Titled Tuesday Blitz"]
[Site "Chess.com"]
[Date "2020.12.01"]
[Round "9"]
[White "karinachess1"]
[Black "Gloomy_Wanderer"]
[Result "0-1"]
[WhiteElo "2500"]
[BlackElo "2711"]
[TimeControl "180+1"]
[EndTime "11:45:15 PST"]
[Termination "Gloomy_Wanderer won on time"]

1. e4 c5 2. Nf3 a6 3. c4 Nc6 4.
d4 cxd4 5. Nxd4 e5 6. Nf5 d6 7.
Ne3 g6 8. Nc3 Bh6 9. Ned5 Bxc1 10.
Rxc1 Be6 11. Bd3 Nf6 12. O-O O-O 13. f4 exf4 14. Rxf4 Bxd5 15. exd5 Ne5 16. Be2 Nfd7 17. b3 f5 18. Rf1 Qg5 19. Qd4 Rae8 20. Rce1 Nf7 21.
Bf3 Rxe1 22. Rxe1 Nfe5 23. Rf1 Re8 24. Bd1 Nf7 25. Ne2 a5 26. Nf4 Re4 27. Qf2 Nc5 28.
Bc2 Re7 29. a3 Ne5 30. b4 Ng4 31. Qd2 axb4 32. axb4 Ne4 33. Qd4 Qh4 34. h3 Ng3 35. hxg4 Nxf1 36. Ne6 Qe1 37. Qf2 Qxf2+ 38. Kxf2 Nd2 39.
gxf5 gxf5 40. c5 Nc4 41. Bb3 Ne5 42. cxd6 Rd7 43. Nc5 Rxd6 44. Nxb7 Rb6 45. d6+ Kf8 46. Nc5 Rxd6 47. Be6 Nd3+ 48. Nxd3 Rxe6 49. Kf3 Kf7 50.
Nf4 Re4 51. Nd3 Kf6 52. b5 Rd4 53. Ke3 Rd5 54. b6 Rb5 55. Nf4 Ke5 56. Nd3+ Kd6 57. Kf4 Ke6 58. b7 Kf6 59. Nc5 Rb4+ 60. Ke3 Kg5 61. Kf3 h5 62. Kf2 Kg4 63. Ke2 Rb2+ 64. Kf1 Kg3 0-1

[Event "*** Titled Tuesday Blitz"]
[Site "Chess.com"]
[Date "2020.12.01"]
[Round "9"]
[White "Tpros"]
[Black "ErikRonka"]
[Result "1-0"]
[WhiteElo "2505"]
[BlackElo "2378"]
[TimeControl "180+1"]
[EndTime "11:45:16 PST"]
[Termination "Tpros won on time"]

1. c4 c6 2. Nf3 d5 3. Qc2 Nf6 4. g3 Bg4 5. Bg2 e6 6. d3 Bd6 7.
Nbd2 O-O 8. O-O Qe7 9. b3 Nbd7 10.
Bb2 e5 11. e4 dxe4 12. Nxe4 Nxe4 13. dxe4 Bxf3 14. Bxf3 Nc5 15. Bg4 a5 16. h4 Rfd8 17.
Kg2 Ne6 18. Bxe6 Qxe6 19. Rad1 Bc5 20. Rxd8+ Rxd8 21. Rd1 Bd4 22. Bc1 c5 23. Rd3 Qc6 24.
Rf3 a4 25. h5 h6 26. Bd2 axb3 27. axb3 Ra8 28. b4 Ra1 29. bxc5 Qxc5 30. Be3 Bxe3 31. Rxe3 Qa5 32. c5 Ra4 33. c6 bxc6 34. Qxc6 Qa6 35. Qe8+ Kh7 36. Qxf7 Ra1 37. Qf3 Qf1+ 38.
Kh2 Qg1+ 39. Kh3 Rf1 40. Qf5+ Kh8 41. Rc3 Qh1+ 42. Kg4 Rc1 43. Qf8+ Kh7 44. Qf5+ Kh8 45. Rc8+ Rxc8 46. Qxc8+ Kh7 47. Qf5+ Kh8 48. Qxe5 Qc1 49. Qe8+ Kh7 50. Qg6+ Kh8 51. Qf5 Qd1+ 52. f3 Qd3 53.
Qf8+ Kh7 54. Qf5+ Kh8 55. Qd5 Qf1 56. Qd8+ Kh7 57. Qd7 Qe2 58. Kf4 Qc2 59. Qf5+ Kh8 60. Qf8+ Kh7 61. Qf5+ Kh8 62. Qd5 Kh7 63. e5 Qc1+ 64. Ke4 Qe1+ 65. Kd4 Qxg3 66. Kc5 Qf2+ 67. Kd6 1-0

[Event "*** Titled Tuesday Blitz"]
[Site "Chess.com"]
[Date "2020.12.01"]
[Round "9"]
[White "DrMamaliga"]
[Black "Jungle_Jaguar"]
[Result "0-1"]
[WhiteElo "2347"]
[BlackElo "2537"]
[TimeControl "180+1"]
[EndTime "11:45:16 PST"]
[Termination "Jungle_Jaguar won by resignation"]

1. c4 Nf6 2. Nf3 g6 3. b3 Bg7 4.
Bb2 O-O 5. g3 d6 6. Bg2 e5 7. O-O Nc6 8. e3 Bg4 9. h3 Bd7 10. d4 Re8 11. Nc3 Qe7 12. Qc2 exd4 13. Nxd4 Nxd4 14. exd4 Bf5 15. Qd2 h5 16. Rae1 Qd7 17.
Bxb7 Rab8 18. Bg2 Bxh3 19. Qf4 Bxg2 20. Kxg2 d5 21. c5 Re6 22. Rxe6 Qxe6 23. Qxc7 Re8 24. b4 Ng4 25. Nd1 Qe4+ 26. Kg1 Bxd4 27. Bxd4 Qxd4 28.
Qd7 Re2 29. c6 Rc2 30. c7 Qc4 31. f3 Nf6 32. Qd8+ Kg7 33. Ne3 Qxc7 34. Qxf6+ Kxf6 35. Nxd5+ Ke5 36. Nxc7 Rxc7 37. Re1+ Kd5 38. Rd1+ Ke5 39.
Rd2 Rc4 40. Rb2 h4 41. gxh4 Rc3 42. Kf2 Kf4 43. b5 Rxf3+ 44. Kg2 Ra3 45. Kf2 Kg4 46. Rb4+ Kh5 47. b6 Rxa2+ 48. Kg3 axb6 49. Rxb6 Ra3+ 50. Kf4 Ra4+ 51. Kg3 Rg4+ 52. Kf3 f5 53. Rf6 Rxh4 54. Rf8 Kg5 55. Rg8 Rf4+ 56. Kg3 Ra4 57. Kh3 Ra3+ 58. Kg2 Kh5 59. Rb8 Kg4 60. Rb4+ f4 61.
Rb6 g5 62. Rc6 Ra2+ 63. Kg1 Kg3 64. Rc3+ f3 65. Rc1 Rg2+ 66. Kh1 Rh2+ 67. Kg1 f2+ 68. Kf1 Rh1+ 69. Ke2 Rxc1 0-1

[Event "*** Titled Tuesday Blitz"]
[Site "Chess.com"]
[Date "2020.12.01"]
[Round "9"]
[White "mr65"]
[Black "RamyresCoelho"]
[Result "1-0"]
[WhiteElo "2184"]
[BlackElo "2079"]
[TimeControl "180+1"]
[EndTime "11:45:20 PST"]
[Termination "mr65 won by checkmate"]

1. e4 c5 2. d4 cxd4 3. c3 d3 4. c4 Nc6 5. Nc3 e5 6. Bxd3 Bc5 7. Nge2 Nf6 8. O-O O-O 9. Bg5 h6 10. Bh4 Be7 11. Kh1 d6 12. Nd5 Nxd5 13. cxd5 Bxh4 14.
dxc6 bxc6 15. f4 exf4 16. Nxf4 Bf6 17. Qc2 Qb6 18. Rab1 Rb8 19. b3 a5 20. Bc4 Bd7 21.
Rf3 a4 22. Rbf1 axb3 23. Bxb3 Qb5 24. Ng6 Rfe8 25. Qf2 d5 26. Rxf6 fxg6 27. exd5 gxf6 28. Qxf6 Qxf1+ 29. Qxf1 cxd5 30. Bxd5+ Be6 31. Bxe6+ Rxe6 32. h3 Rb2 33. Qc4 Re2 34. a4 Re4 35. Qc7 Re7 36.
Qb8+ Kf7 37. a5 Re8 38. Qb7+ R8e7 39. Qd5+ Kf6 40. a6 Re1+ 41. Kh2 R1e6 42. a7 Ra6 43. Qd4+ Re5 44. Qd8+ Re7 45. a8=Q Rxa8 46.
Qxa8 Kf7 47. Qf3+ Kg7 48. h4 Rf7 49. Kg3 Kf8 50. Qc6 Kg7 51. Qc3+ Kh7 52. Kg4 Kg8 53. g3 Kh7 54. h5 gxh5+ 55. Kxh5 Rf5+ 56. Kg4 Rg5+ 57. Kh4 Kg6 58. g4 Kh7 59. Qc6 Rg6 60.
Qd7+ Rg7 61. Qf5+ Kh8 62. Qf8+ Kh7 63. Kh5 Rg5+ 64. Kh4 Rg8 65. Qf5+ Rg6 66. Kh5 Kh8 67. Kxg6 Kg8 68. Qf7+ Kh8 69. Qh7# 1-0

[Event "*** Titled Tuesday Blitz"]
[Site "Chess.com"]
[Date "2020.12.01"]
[Round "9"]
[White "ShahMatKanal"]
[Black "dosto07"]
[Result "1-0"]
[WhiteElo "2479"]
[BlackElo "2298"]
[TimeControl "180+1"]
[EndTime "11:45:22 PST"]
[Termination "ShahMatKanal won on time"]

1. Nf3 d5 2. c4 d4 3. e3 Nc6 4. b4 dxe3 5. fxe3 Nxb4 6. d4 e6 7. a3 Nc6 8. d5 Nb8 9. Nc3 Nf6 10. Bd3 exd5 11. cxd5 Bc5 12. O-O O-O 13. Kh1 Bg4 14.
e4 Nbd7 15. Bg5 h6 16. Bh4 Re8 17. Qb3 Bxf3 18. gxf3 Bd4 19. Qc2 Ne5 20. Bb5 c6 21.
dxc6 bxc6 22. Ba4 Qa5 23. Be1 Qa6 24. Bg3 Qa5 25. Be1 Qc5 26. Rc1 Qc4 27. Bg3 Nd3 28. Bb3 Qa6 29. Qe2 Nc5 30. Qxa6 Nxa6 31. Ne2 c5 32.
Nxd4 cxd4 33. Rfd1 Rac8 34. Rxc8 Rxc8 35. Rxd4 Nc5 36.
Rc4 Nfd7 37. Bf2 Rc7 38. Bc2 Ne6 39. Rxc7 Nxc7 40. Bxa7 Nb5 41. Ba4 Nxa7 42. Bxd7 Kf8 43. Kg2 Ke7 44. Ba4 Kd6 45. f4 f6 46. Kf3 Kc5 47.
Bb3 Kd4 48. h3 Nc8 49. Bd5 Nd6 50. Ba8 Nc4 51. a4 Nd2+ 52. Kg4 Nb3 53. Kf5 g5 54.
fxg5 fxg5 55. e5 Nc5 56. e6 Na6 57. e7 Nc7 58. Bc6 Kc5 59. e8=Q Nxe8 60. Bxe8 Kd4 61.
Kg4 Ke3 62. a5 Kf2 63. a6 Kg1 64. a7 Kh2 65. a8=Q Kg1 66. Qf3 Kh2 67. Kh5 Kg1 68. Kxh6 Kh2 69. Kxg5 Kg1 70. h4 Kh2 71. h5 Kg1 72. h6 Kh2 73. h7 Kg1 74. Qg3+ 1-0

[Event "*** Titled Tuesday Blitz"]
[Site "Chess.com"]
[Date "2020.12.01"]
[Round "9"]
[White "Leonid_Starozhilov"]
[Black "Kretov_Evgenij"]
[Result "0-1"]
[WhiteElo "2643"]
[BlackElo "2516"]
[TimeControl "180+1"]
[EndTime "11:45:29 PST"]
[Termination "Kretov_Evgenij won by resignation"]

1. b3 c5 2. Bb2 Nf6 3. Nf3 b6 4. c4 Bb7 5. e3 e6 6. Be2 Be7 7. O-O O-O 8. Nc3 d5 9. cxd5 Nxd5 10. d4 cxd4 11. Nxd5 Qxd5 12. Qxd4 Qxd4 13. Nxd4 Bf6 14. Ba3 Rd8 15. Rfd1 Nd7 16. Rac1 Rac8 17. Nb5 Rxc1 18. Rxc1 a5 19. Bf3 Bxf3 20. gxf3 g5 21. Bd6 Ne5 22.
Bxe5 Bxe5 23. Rc2 Rd5 24. a4 Rd3 25. Rc6 Rxb3 26. Rxb6 Rb4 27. Rb7 Rxa4 28. Nc7 Rb4 29. Ra7 a4 30. Kg2 Kg7 31. Nxe6+ Kf6 32. Nd8 Bb2 33.
Nxf7 a3 34. Nd6 h5 35. Ra5 g4 36. Ne4+ Ke7 37. Nc5 gxf3+ 38. Kxf3 h4 39. h3 Kd6 40. Nd3 Rb3 41. Ke4 Kc6 42. f4 Kb6 43. Ra8 Rb5 44. Rb8+ Kc6 45. Rc8+ Kb7 46. Rg8 a2 47. Rg1 a1=Q 48. Rxa1 Bxa1 49. Kf3 Kc6 50. Nf2 Bf6 51. Ng4 Be7 52. Nf2 Kd5 53. Nd3 Rb3 54. Ne5 Bc5 55. Ng4 Bb6 56. Nf6+ Ke6 57. Ng4 Ra3 58.
Ke4 Ra4+ 59. Kf3 Bc5 60. Nf2 Ra3 61. Ng4 Kf5 62. Nh6+ Kg6 63. Ng4 Kf7 64. Ke4 Ke6 65. Kf3 Kd5 66. Kf2 Kc4 67. Kf3 Kd3 68. Ne5+ Kc3 69.
Kg4 Bxe3 70. Ng6 Ra4 71. Kxh4 Bxf4 72. Kh5 Kd3 73. h4 Ke4 74. Kg4 Bd6 75. Kg5 Ra5+ 76. Kh6 Kf5 77. h5 Ra7 78. Nh4+ Kf6 79. Ng6 Bg3 80. Ne7 Bf4+ 81. Kh7 Rxe7+ 82. Kh8 Kg5 83. h6 Kxh6 84. Kg8 Kg6 0-1

[Event "*** Titled Tuesday Blitz"]
[Site "Chess.com"]
[Date "2020.12.01"]
[Round "9"]
[White "ApacheSVD"]
[Black "ZenBull"]
[Result "0-1"]
[WhiteElo "2413"]
[BlackElo "2226"]
[TimeControl "180+1"]
[EndTime "11:45:30 PST"]
[Termination "ZenBull won on time"]

1. e4 c5 2. Nf3 e6 3. d4 cxd4 4.
Nxd4 Nc6 5. Nc3 Qc7 6. Be3 a6 7.
Qf3 d6 8. O-O-O Bd7 9. Qg3 Nf6 10. f4 Be7 11. e5 Nh5 12. Qg4 g6 13. exd6 Qxd6 14. Nf3 Qc7 15. Ne5 Nxe5 16. fxe5 Bc6 17. Bc4 Ng7 18. Rhe1 Nf5 19. Bg5 Rd8 20. Bxe7 Qxe7 21.
Rxd8+ Qxd8 22. Rd1 Qh4 23. Qxh4 Nxh4 24. g3 Nf3 25.
Ne2 Nxe5 26. Bb3 Ke7 27. Nd4 Rd8 28. c3 Bd5 29. Bxd5 Rxd5 30. Rf1 Nc6 31. Nxc6+ bxc6 32. Rf4 f5 33. Ra4 a5 34. b4 axb4 35. cxb4 Kd6 36. Ra7 Rb5 37. a3 c5 38. Rxh7 cxb4 39. axb4 Rxb4 40.
Rg7 Rg4 41. Kd2 Ke5 42. Ke3 Kf6 43. Rg8 Ra4 44. Rf8+ Kg7 45. Re8 Kf7 46. Rb8 Ra3+ 47. Kf4 Ra4+ 48. Kf3 g5 49. Rb7+ Kf6 50. Rb5 Ra3+ 51.
Kg2 g4 52. Rb4 Ra2+ 53. Kg1 Kg5 54. Rb6 e5 55. Rb4 f4 56. gxf4+ exf4 57. Rb8 f3 58.
Rg8+ Kf4 59. Rf8+ Ke4 60. Re8+ Kf5 61. Rf8+ Kg5 62. Rg8+ Kf5 63. Rf8+ Ke6 64. Rg8 Ra4 65. Kf2 Kf7 66. Rg5 Rb4 67. Kg3 Kf6 68. Rg8 Kf5 69.
Rf8+ Ke4 70. Re8+ Kd3 0-1

[Event "*** Titled Tuesday Blitz"]
[Site "Chess.com"]
[Date "2020.12.01"]
[Round "9"]
[White "JoliyRoger"]
[Black "albi1999"]
[Result "1-0"]
[WhiteElo "2409"]
[BlackElo "2556"]
[TimeControl "180+1"]
[EndTime "11:45:31 PST"]
[Termination "JoliyRoger won by checkmate"]

1. Nf3 d5 2. d4 Nf6 3. c4 e6 4.
cxd5 exd5 5. Nc3 c6 6. Bg5 Bd6 7.
e3 Nbd7 8. Bd3 Nf8 9. Qc2 Ne6 10. Bh4 Be7 11. O-O g6 12. Bxf6 Bxf6 13. b4 a6 14. a4 O-O 15. Rab1 b5 16. Rfd1 Bd7 17.
h3 Re8 18. Ne2 Be7 19. Ne5 Bd6 20. Nxc6 Qc7 21. Ne5 Bxe5 22. dxe5 Qxe5 23. a5 Rac8 24. Qb2 Qg5 25. Kf1 Qe7 26. Rbc1 Qd6 27. Kg1 Ng5 28. Nf4 Ne6 29. Rxc8 Rxc8 30. Qf6 d4 31. Nxe6 Bxe6 32. Qxd4 Qe7 33. Be2 h5 34. Bf1 Kh7 35. Bd3 Qg5 36. h4 Qe7 37. Be2 Rc2 38. Bf3 Rc4 39.
Qb6 Rxb4 40. Qxa6 Rb2 41. Qb6 Qxh4 42. e4 b4 43. a6 Ra2 44. a7 b3 45. e5 Bg4 46.
Qd4 Qe7 47. Bxg4 hxg4 48. e6 Qxe6 49. Qd8 Rxa7 50. Qh4+ Kg7 51. Qg3 b2 52. Qc3+ Qf6 53.
Qc2 Rb7 54. Rb1 Qe5 55. Qd2 Rb5 56. g3 Qf6 57. Qc2 Kh7 58. Qd3 Rb4 59. Qd2 Qb6 60.
Qg5 Kg7 61. Qe5+ Qf6 62. Qe1 Rb6 63. Qe2 Qc3 64. Kh2 Qc1 65. Qe5+ Kh7 66. Qe4 Qc5 67. Kg2 Qb4 68. Rh1+ Kg7 69. Qe5+ f6 70. Qc7+ Kf8 71. Rh8# 1-0

[Event "*** Titled Tuesday Blitz"]
[Site "Chess.com"]
[Date "2020.12.01"]
[Round "9"]
[White "Eloist"]
[Black "skoularikii"]
[Result "0-1"]
[WhiteElo "2299"]
[BlackElo "2446"]
[TimeControl "180+1"]
[EndTime "11:45:32 PST"]
[Termination "skoularikii won on time"]

1. e4 e5 2. Bc4 Nc6 3. Nf3 Bc5 4. c3 d6 5. O-O Bg4 6. d3 Nf6 7.
Nbd2 O-O 8. h3 Be6 9. Re1 Qd7 10. Bb5 a6 11. Bxc6 bxc6 12. d4 exd4 13. cxd4 Ba7 14. Nb1 d5 15. Ne5 Qe8 16. exd5 cxd5 17. Nc3 Rb8 18. b3 c5 19. Ba3 cxd4 20. Ne2 Bxh3 21. Nxd4 Ne4 22. Nec6 Bxd4 23. Qxd4 Qxc6 24. Bxf8 Qg6 25. Qxg7+ Qxg7 26. Bxg7 Kxg7 27. gxh3 Nd2 28. Kg2 Kf6 29. Rad1 Rg8+ 30. Kh1 Nf3 31. Re3 Nh4 32.
Rxd5 Rc8 33. Kh2 Rc2 34. Rd6+ Kg7 35. Rxa6 Nf5 36. Rf3 Nd4 37. Rg3+ Kf8 38. Kg2 Ne2 39. Re3 Nf4+ 40. Kf3 Ne6 41. Ra8+ Kg7 42. Rxe6 fxe6 43. Ra7+ Kf6 44. Ra6 Kf5 45. Ke3 Rc3+ 46. Kd4 Rxh3 47.
Ra5+ Kf4 48. b4 Rh1 49. Kc5 Rb1 50. Kb5 h5 51. Ra3 h4 52. Rh3 Kg4 53. Rh2 h3 54. a4 Rg1 55. a5 Rg2 56. Rh1 Rxf2 57. a6 Ra2 58. Kb6 e5 59. b5 e4 60. Kb7 e3 61. a7 e2 62. a8=Q Rxa8 63. Kxa8 Kg3 64. b6 Kg2 65. Re1 Kf2 66. Rh1 Kg2 67. Ra1 h2 68. b7 h1=Q 69. Rxh1 Kxh1 70. b8=Q e1=Q 71.
Qb7+ Kg1 0-1

[Event "*** Titled Tuesday Blitz"]
[Site "Chess.com"]
[Date "2020.12.01"]
[Round "9"]
[White "AldokhinIvan"]
[Black "MPGM"]
[Result "1-0"]
[WhiteElo "2512"]
[BlackElo "2646"]
[TimeControl "180+1"]
[EndTime "11:45:33 PST"]
[Termination "AldokhinIvan won by resignation"]

1. e4 c6 2. Nc3 d5 3. d4 dxe4 4. Nxe4 Nf6 5. Nxf6+ exf6 6. c3 Bd6 7. Bd3 O-O 8. Ne2 Re8 9. Qc2 h5 10. Be3 Nd7 11. O-O-O b5 12. Ng3 Nb6 13. Rde1 h4 14. Nf5 Bxf5 15. Bxf5 Nd5 16. Bd2 Rxe1+ 17. Rxe1 Qc7 18.
Qe4 g6 19. Bh3 Bf4 20. g3 Bxd2+ 21. Kxd2 hxg3 22. hxg3 Kg7 23. Bg2 Qa5 24. a3 Rd8 25. Rh1 Rh8 26. Rxh8 Kxh8 27. Qe8+ Kg7 28. Qxc6 Nb6 29.
Bf1 a6 30. Qc5 Na4 31. Qb4 Qc7 32. Bd3 Qd7 33. Bc2 Nb6 34. Bb3 Qf5 35. Ke3 Qg5+ 36. Ke2 Qg4+ 37. Kf1 Qe4 38. Qd6 Qh1+ 39. Ke2 Qe4+ 40.
Kd2 Nc4+ 41. Bxc4 bxc4 42. d5 Qd3+ 43. Kc1 Qf1+ 44. Kc2 Qxf2+ 45. Kb1 Qe3 46. Ka2 Qd3 47. g4 Qd1 48. Qc5 Qb3+ 49. Ka1 Qd1+ 50. Ka2 Qxg4 51. d6 Qd7 52. Qd4 g5 53. b3 cxb3+ 54. Kxb3 Kg6 55.
c4 g4 56. c5 f5 57. Qe5 Qb5+ 58. Kc3 Qa5+ 59. Kd4 Qa4+ 60. Kd5 Qb3+ 61. Kc6 Qb5+ 62. Kc7 Qa5+ 63. Kd7 Qxa3 64. c6 g3 65. c7 Qa4+ 66. Kd8 g2 67. Qg3+ Qg4 68. Qxg2 Qxg2 69. c8=Q Qd5 70.
d7 f4 71. Ke8 Qe6+ 72. Kf8 Qd6+ 73. Kg8 Qd5 74. d8=Q f6+ 75. Qxd5 1-0

[Event "*** Titled Tuesday Blitz"]
[Site "Chess.com"]
[Date "2020.12.01"]
[Round "9"]
[White "rasmussvane"]
[Black "FrostNova"]
[Result "0-1"]
[WhiteElo "2901"]
[BlackElo "3028"]
[TimeControl "180+1"]
[EndTime "11:45:36 PST"]
[Termination "FrostNova won on time"]

1. Nf3 Nf6 2. g3 d5 3. Bg2 g6 4. O-O Bg7 5. d4 c6 6. c4 O-O 7. Qb3 Qb6 8. Nc3 Rd8 9. Na4 Qxb3 10. axb3 Na6 11. Bf4 Ne4 12. Nc3 Be6 13. cxd5 Bxd5 14.
Nxd5 cxd5 15. Rfc1 Rac8 16. e3 Nb4 17. Bf1 a6 18. Bc7 Rd7 19. Bf4 Rdd8 20. Bc7 Rd7 21. Bb6 Rxc1 22. Rxc1 f6 23. Bh3 f5 24. Bf1 Rd6 25.
Rc8+ Kf7 26. Ba5 Nc6 27. Bc7 Rd7 28. Bb6 Nd6 29. Ng5+ Kf6 30. Nxh7+ Kf7 31. Ng5+ Kf6 32. Nh7+ Kf7 33. Ra8 Bh6 34. h4 e6 35. Bd3 Re7 36. Bc5 Re8 37. Rxe8 Nxe8 38. Ng5+ Bxg5 39. hxg5 Na5 40.
Bc2 Nc6 41. Kg2 Nc7 42. Bd3 Ke8 43. g4 Kf7 44. Kg3 Ne8 45. Kf4 Ng7 46. Bd6 Ne8 47. Bc5 Ng7 48. f3 e5+ 49. Kg3 e4 50. fxe4 fxe4 51.
Be2 Ne6 52. Bd6 Nxg5 53. b4 Na7 54. Bc5 Nb5 55. Kf4 Kf6 56. Be7+ Kxe7 57. Kxg5 Na7 58. Kxg6 Nc6 59. b5 axb5 60. Bxb5 Nb4 61. Kf5 Nc2 62.
Kf4 Ne1 63. g5 Ng2+ 64. Ke5 Nxe3 65. g6 Ng2 66. Be2 e3 67. Kf5 Nh4+ 68. Kg5 Ng2 69.
Bf3 Ne1 70. Be2 Nc2 71. Bh5 Nxd4 72. g7 Ne6+ 73. Kh6 Nxg7 74. Kxg7 Ke6 75. Be2 Ke5 76. Kf7 Ke4 77. Bf1 d4 78. Bg2+ Kd3 0-1

[Event "*** Titled Tuesday Blitz"]
[Site "Chess.com"]
[Date "2020.12.01"]
[Round "9"]
[White "CakeinSpace2002"]
[Black "LamaChampetre"]
[Result "1-0"]
[WhiteElo "2370"]
[BlackElo "2227"]
[TimeControl "180+1"]
[EndTime "11:45:38 PST"]
[Termination "CakeinSpace2002 won by checkmate"]

1. e4 c5 2. Nf3 g6 3. d4 cxd4 4. Nxd4 Nc6 5. Nc3 Bg7 6. Nde2 Nf6 7. g3 d5 8. exd5 Nb4 9. Bg2 Bf5 10. Nd4 Bg4 11. Qd2 Nbxd5 12. Nxd5 Nxd5 13. O-O O-O 14.
Nb3 e6 15. c4 Nb6 16. Qb4 Be2 17. Re1 Bxc4 18. Na5 Bd5 19. Nxb7 Qc7 20. Na5 Rab8 21. Qf4 Qe7 22. Qd2 Bxg2 23. Kxg2 Rfd8 24. Qe2 Qc5 25. Nb3 Qd5+ 26. Qf3 Qxf3+ 27. Kxf3 Rd3+ 28. Ke2 Rbd8 29. Bg5 f6 30. Be3 Kf7 31. Rac1 R3d7 32. Bxb6 axb6 33.
Red1 Rxd1 34. Rxd1 Rxd1 35. Kxd1 f5 36. Kc2 e5 37. a4 Ke6 38. Nd2 Kd5 39. f3 e4 40.
fxe4+ fxe4 41. b4 Bd4 42. Nb3 Bg1 43. h3 Bh2 44. g4 Bg3 45. a5 bxa5 46. bxa5 Bf2 47.
a6 Ba7 48. Kd2 Ke5 49. Ke2 Kf4 50. Na5 Kg3 51. Nc6 Bc5 52. Nd8 Kxh3 53. g5 Kg4 54. Nf7 Ba7 55. Nd6 Kxg5 56. Nxe4+ Kf4 57. Nf6 h5 58. Kf1 h4 59. Kg2 g5 60. Kh3 Bb6 61. Nd5+ Kf3 62. Nxb6 g4+ 63. Kxh4 g3 64. a7 g2 65. a8=Q+ Kf2 66. Qa2+ Kf1 67. Qb1+ Kf2 68. Qc2+ Kf1 69. Qd1+ Kf2 70. Qd2+ Kf1 71. Qf4+ Ke2 72. Qg3 Kf1 73. Qf3+ Kg1 74. Kg3 Kh1 75. Qxg2# 1-0

[Event "*** Titled Tuesday Blitz"]
[Site "Chess.com"]
[Date "2020.12.01"]
[Round "9"]
[White "SantoBlue"]
[Black "Sebastian"]
[Result "1-0"]
[WhiteElo "2902"]
[BlackElo "2948"]
[TimeControl "180+1"]
[EndTime "11:45:42 PST"]
[Termination "SantoBlue won on time"]

1. d4 Nf6 2. c4 e6 3. Nf3 d5 4. e3 Be7 5. Bd3 O-O 6. b3 c5 7. O-O cxd4 8. exd4 Nc6 9. Bb2 b6 10. Nbd2 Bb7 11. Rc1 Rc8 12. Re1 Re8 13. Bb1 Bf8 14.
Ne5 dxc4 15. Nxc6 Bxc6 16. bxc4 g6 17. Nf3 Bg7 18. Ne5 Bb7 19. Qb3 Rc7 20. h3 Qa8 21. f3 Qd8 22. a4 Nd7 23. f4 Qh4 24.
Qe3 Nxe5 25. fxe5 Bh6 26. Qe2 Bxc1 27. Rxc1 Rec8 28. Bd3 Qg3 29. Rc3 Qf4 30. Rc1 Qg5 31. Rf1 Bxg2 32. Qxg2 Qe3+ 33. Qf2 Qxd3 34. d5 Qxc4 35. d6 Rd7 36. Rc1 Qa6 37. Rf1 Qxa4 38. Bc1 Rc2 39. Qg3 Qd4+ 40. Be3 Qe4 41. h4 h5 42. Re1 Qg4 43. Qxg4 hxg4 44. Ra1 Kf8 45.
Ra4 Ke8 46. Rxg4 Rb7 47. h5 gxh5 48. Rg8+ Kd7 49. Bg5 Rc5 50. Bf6 a5 51. Kf2 Kc6 52. Ra8 Rd7 53. Ke3 Kd5 54. Ra6 Rb5 55. Kd3 Rb4 56. Kc3 Kc6 57. Ra8 Kb5 58. Rc8 Rg4 59. Kd3 Rg3+ 60. Kd4 Rg4+ 61. Kd3 Rg3+ 62. Kd2 Rg2+ 63.
Kc3 Rg3+ 64. Kd4 Rg6 65. Rc7 Rxf6 66. Rxd7 Rf1 67. Rc7 Rd1+ 68. Ke4 a4 69. Rxf7 a3 70. d7 a2 71. Rf1 Rxd7 72. Ra1 h4 73. Rxa2 h3 74.
Rb2+ Ka6 75. Rh2 Rh7 76. Ra2+ Kb7 77. Rh2 b5 78. Kf4 Kb6 79. Kg5 b4 80. Kg6 Rh8 81. Kg7 Rh4 82. Kf6 b3 83. Kxe6 Kc5 84. Kf5 b2 85.
Rc2+ Kd4 86. Rxb2 h2 87. Rb4+ Kc5 88. Rxh4 1-0

[Event "*** Titled Tuesday Blitz"]
[Site "Chess.com"]
[Date "2020.12.01"]
[Round "9"]
[White "WeAintSurePal"]
[Black "WPWPWP-2015"]
[Result "0-1"]
[WhiteElo "2367"]
[BlackElo "2490"]
[TimeControl "180+1"]
[EndTime "11:45:45 PST"]
[Termination "WPWPWP-2015 won by checkmate"]

1. e4 e5 2. Nf3 Nf6 3. Nxe5 d6 4. Nf3 Nxe4 5. Nc3 Nxc3 6. dxc3 Be7 7. Be3 O-O 8. Qd2 Nc6 9. O-O-O Ne5 10. Nd4 c6 11. h3 Qa5 12. Kb1 d5 13. f4 Nc4 14. Bxc4 dxc4 15.
g4 Qd5 16. Qf2 Rd8 17. Qe2 Qe4 18. Rde1 Bh4 19. Bf2 Qxe2 20. Rxe2 Bf6 21. Rhe1 Bd7 22. Nf3 g6 23. Bc5 Be6 24. Nd4 Bxd4 25. Bxd4 Rd5 26. Re5 Rad8 27. f5 Rxe5 28. Rxe5 gxf5 29. gxf5 Bd5 30.
f6 h6 31. b3 Be6 32. Rh5 cxb3 33. axb3 Kh7 34. Be3 Kg6 35. Rxh6+ Kf5 36. Rh5+ Ke4 37. Bd4 b6 38. Re5+ Kf4 39. Re1 c5 40. Be5+ Kf5 41. Kb2 Rh8 42. c4 Rxh3 43. Bc3 Rf3 44. Re5+ Kg6 45.
Re2 Bg4 46. Rg2 Kf5 47. Rd2 Rh3 48. Rd5+ Kg6 49. Rd6 Bf5 50. Rd2 Rg3 51. Rf2 Rg4 52. Rf3 Be4 53. Rf2 Bf5 54. Kc1 Rg3 55.
Be5 Rg4 56. Kd2 Rg1 57. Ke2 Bg4+ 58. Ke3 Re1+ 59. Kf4 Bh5 60. Rg2+ Kh6 61. Rh2 Kg6 62. Rg2+ Kh6 63. Rg7 Rf1+ 64. Ke3 Re1+ 65. Kf4 Rf1+ 66. Ke4 Re1+ 67. Kd5 Bg6 68. Kd6 Rd1+ 69. Ke7 Re1 70. Kd6 Kg5 71. Rg8 Kf5 72. Bc3 Re6+ 73. Kd7 Re2 74. Re8 Rxc2 75. Re5+ Kf4 76. Ba1 Rc1 77. Re2 Rxa1 78. Rg2 Kf5 79. Ke7 Re1+ 80. Kf8 Kxf6 81. Rf2+ Bf5 82. b4 Rd1 83. bxc5 Rd8# 0-1